Map: New Repugnancy LE

Players

Throwfordays

  • Race: Protoss Protoss
  • League: Silver
  • Spawn Location: 7:00

arbitration - Winner!

  • Race: Protoss Protoss
  • League: Silver
  • Spawn Location: 1:00

VOD

Have the link to the VOD?

Description

Time

  • Played on: Feb. 10, 2019, 5:46 p.m.
  • Length: 2:48
Show
View Real Time Build Order
Export as new Build Order

Throwfordays Protoss 

Build Orders:  

Get SALT Encoding   

  12  0:00  Probe  
  13  0:12  Probe  
  14  0:22  Pylon  
  14  0:25  Probe  
  15  0:40  Probe  
  15  0:41  Gateway  
  16  0:55  Probe  
  17  1:02  Assimilator  
  17  1:07  Probe  
  18  1:19  Probe  
  19  1:31  Probe  
  20  1:33  Cybernetics Core, Zealot  
  21  1:43  Probe  
  22  1:55  Pylon  
  22  2:02  Probe  
  23  2:09  Nexus  
  23  2:14  Probe  
  24  2:24  Pylon  
  24  2:28  Pylon  
  22  2:30  Pylon  
  22  2:34  Pylon  
Show
View Real Time Build Order
Export as new Build Order

arbitration Protoss - Winner!

Build Orders:  

Get SALT Encoding   

  12  0:01  Probe  
  13  0:13  Probe  
  14  0:25  Probe  
  15  0:33  Assimilator  
  15  0:36  Pylon  
  15  0:54  Probe  
  15  0:55  Gateway  
  16  0:59  Gateway  
  16  1:06  Probe  
  16  1:10  Pylon  
  17  1:39  Zealot x2  
  17  1:44  Cybernetics Core  
  17  1:45  Probe  
  22  1:57  Probe  
  23  2:04  Zealot x2  
  27  2:09  Probe  
Tags
 
Matchup
PvP
Replay Pack
Multiplayer
Spawn Locations
Cross Positions
Add a new tag
Caveats
  • Supply blocks, unpowered buildings, or Contaminate may cause inaccurate times.
  • Supply counts are checked every 10 seconds.